 Dungeon Crawl Stone Soup version 0.31-a0-523-g071a6c1ffa (webtiles) character file.

Game seed: 16449297052514114979

946 AdnanSaban the Cudgeller (level 8, -15/50 HPs)
             Began as a Gargoyle Fighter on Aug 11, 2023.
             Was a Follower of Okawaru.
             Demolished by an ogre
             ... wielding a +0 giant club
              (26 damage)
             ... on level 5 of the Dungeon.
             The game lasted 00:04:02 (3473 turns).

AdnanSaban the Cudgeller (Gargoyle Fighter)         Turns: 3473, Time: 00:04:02

Health: -15/50     AC: 18    Str: 22    XL:     8   Next: 13%
Magic:  8/8        EV:  8    Int:  9    God:    Okawaru [*.....]
Gold:   274        SH:  4    Dex:  9    Spells: 7/7 levels left

rFire   . . .        D - +4 flail
rCold   . . .        c - +0 buckler
rNeg    + . .        B - +0 chain mail
rPois   ∞            n - +0 helmet
rElec   +            (no cloak)
rCorr   .            o - +0 pair of gloves
SInv    .            (no boots)
Will    .....        l - amulet of regeneration Stlth
                     j - ring of flight
HPRegen 1.08/turn    (no ring)
MPRegen 0.11/turn

%: no passive effects
@: flying
A: sickness immunity, AC +5, negative energy resistance 1, electricity
resistance, torment resistance 1, petrification resistance
a: Renounce Religion, Heroism


You were on level 5 of the Dungeon.
You worshipped Okawaru.
Okawaru was aware of your devotion.
You visited 2 branches of the dungeon, and saw 9 of its levels.

You collected 274 gold pieces.

Inventory:

Hand Weapons
 D - a +4 flail (weapon)
Missiles
 i - 8 javelins
 F - 5 boomerangs
 H - 4 atropa-tipped darts
Armour
 c - a +0 buckler (worn)
 n - a +0 helmet (worn)
 o - a +0 pair of gloves (worn)
 B - a +0 chain mail (worn)
Jewellery
 j - a ring of flight (left hand)
 l - an amulet of regeneration (around neck)
Wands
 r - a wand of paralysis (10)
 u - a wand of quicksilver (11)
 G - a wand of polymorph (3)
Scrolls
 a - 2 scrolls of enchant armour {unknown}
 e - 3 scrolls of fear {unknown}
 f - 2 scrolls of immolation {unknown}
 g - 6 scrolls of identify {unknown}
 h - 3 scrolls of teleportation {unknown}
 k - a scroll of noise {unknown}
 m - a scroll of enchant weapon {unknown}
 p - 2 scrolls of blinking {unknown}
 q - 2 scrolls of poison {unknown}
 t - a scroll of vulnerability {unknown}
 y - a scroll of fog {unknown}
 K - a scroll of revelation {unknown}
Potions
 b - a potion of berserk rage {unknown}
 d - a potion of might
 s - a potion of mutation {unknown}
 v - a potion of enlightenment {unknown}
 w - a potion of magic {unknown}
 x - a potion of resistance {unknown}
 z - a potion of curing {unknown}
 A - a potion of degeneration {unknown}
 C - a potion of attraction {unknown}
 E - a potion of lignification {unknown}
 I - a potion of heal wounds {unknown}
 J - a potion of haste {unknown}


   Skills:
 + Level 5.4 Fighting
 + Level 6.2 Maces & Flails
 + Level 5.6 Armour
 + Level 1.6 Dodging
 + Level 0.4 Stealth
 + Level 4.2 Shields
 * Level 0.7 Invocations


You had 7 spell levels left.
You didn't know any spells.
Your spell library contained the following spells:

 Spells                   Type           Power      Damage    Failure   Level
 Magic Dart               Conj           0%         1d3       96%         1
 Mephitic Cloud           Conj/Pois/Air  0%         N/A       100%        3
 Call Imp                 Summ           Unusable   N/A       N/A         2

Dungeon Overview and Level Annotations

Branches:
Dungeon (8/15)             Temple (1/1) D:5
   Lair: D:8-11

Altars:
Ashenzari
Cheibriados
Dithmenos
Elyvilon
Fedhas
Hepliaklqana
Kikubaaqudgha
Makhleb
Nemelex Xobeh
Okawaru
Qazlal
Sif Muna
Trog
Uskayaw
Vehumet
Wu Jian
Xom
Yredelemnul
Zin
The Shining One

Annotations:
D:3 1 runed translucent door, Beaer's ghost, amateur DsFi


Innate Abilities, Weirdness & Mutations

You are immune to sickness and miasma.
Your stone body is resilient. (AC +5)
You are immune to poison.
You resist negative energy. (rN+)
You are resistant to electric shocks. (rElec)
You are resistant to unholy torment.
You are immune to petrification.


Message History

No target in view!
No target in view!
You see here a worm corpse.
K - a scroll labelled FAELISHRI RAVOG An ogre comes into view.
It is wielding a +0 giant club.
The ogre shouts!
The ogre hits you with a +0 giant club!
You barely miss the ogre. The ogre closely misses you.
You barely miss the ogre. The ogre misses you.
You barely miss the ogre. You hit the ogre.
The ogre is lightly wounded.
The ogre hits you with a +0 giant club.
You hit the ogre.
The ogre is moderately wounded.
The ogre hits you with a +0 giant club!
You barely miss the ogre.
The ogre is moderately wounded.
You sock the ogre!
The ogre is heavily wounded.
The ogre hits you with a +0 giant club!!
* * * LOW HITPOINT WARNING * * *
You are too injured to fight recklessly!
You are too injured to fight recklessly!
You are too injured to fight recklessly!
You are too injured to fight recklessly!
You are too injured to fight recklessly!
You are too injured to fight recklessly!
You are too injured to fight recklessly!
You are too injured to fight recklessly!
An ogre is nearby!
Unknown command.
You hit the ogre.
The ogre is severely wounded.
The ogre closely misses you.
You hit the ogre.
The ogre is almost dead.
The ogre hits you with a +0 giant club!!
Ouch! That really hurt!
You die...

####.# #.#
#...##..>.........†.# ^....#
#.# ########....#..#.##.#
########.#### #.........##.# #
#.......# ######.....#.#
#####.##.##.#### ##.##.#.#
......##.......#######
#......#
#####.##..#.##.#.....#
####.###
.<....##..#.##.#.....# #[#
.......#..#.....@O...# #.#
.............#.#.....# #.#
#####).##..#.#.#.....# ##.#
.......##......############..#
####'#####.#.### #.......#.##
#.......##.#.# #.#####.#.#
#.......#....# #.#####.#.#
+...>...##.### #.##......#
#.......##.# #####.#.#.#.###


You could see an ogre.

Vanquished Creatures
  Sigmund (D:5)
  2 black bears
  An ogre (D:5)
  2 scorpions (D:4)
  A wight (D:5)
  A hound (D:5)
  2 jellies
  An orc wizard (D:5)
  Robin (D:3)
  6 gnolls
  7 adders
  A white imp (D:6)
  5 worms
  3 dart slugs
  6 orcs (D:5)
  6 endoplasms
  4 giant cockroaches
  10 goblins
  5 hobgoblins
  4 kobolds
  4 quokkas
  6 ball pythons
  4 bats (D:1)
  2 frilled lizards
  4 rats
89 creatures vanquished.

Notes
Turn   | Place    | Note
-------+----------+-------------------------------------------
     0 | D:1      | AdnanSaban the Gargoyle Fighter began the quest for the
                  | Orb.
     0 | D:1      | Reached XP level 1. HP: 14/14 MP: 1/1
   177 | D:1      | Reached XP level 2. HP: 18/19 MP: 2/2
   744 | D:2      | Reached XP level 3. HP: 14/24 MP: 3/3
   858 | D:2      | Found a glowing silver altar of Zin.
  1127 | D:2      | Reached XP level 4. HP: 29/29 MP: 4/4
  1851 | D:3      | Found a runed translucent door.
  1852 | D:3      | Noticed Beaer's ghost (amateur DsFi)
  2173 | D:4      | Noticed a scorpion
  2183 | D:4      | Killed a scorpion
  2184 | D:4      | Reached skill level 3 in Maces & Flails
  2184 | D:4      | Reached skill level 1 in Dodging
  2184 | D:4      | Reached XP level 5. HP: 33/33 MP: 5/5
  2212 | D:4      | Noticed Robin
  2254 | D:3      | Killed Robin
  2458 | D:4      | Reached skill level 4 in Maces & Flails
  2458 | D:4      | Reached XP level 6. HP: 39/39 MP: 6/6
  2694 | D:5      | Entered Level 5 of the Dungeon
  2715 | D:5      | Found an ancient bone altar of Kikubaaqudgha.
  2809 | D:5      | Found a staircase to the Ecumenical Temple.
  2812 | D:5      | Reached skill level 5 in Maces & Flails
  2815 | D:5      | Reached XP level 7. HP: 33/44 MP: 7/7
  2822 | Temple   | Entered the Ecumenical Temple
  2830 | Temple   | Became a worshipper of Warmaster Okawaru
  2960 | D:5      | You are sucked into a shaft and drop 3 floors!
  3088 | D:6      | Reached skill level 5 in Armour
  3153 | D:5      | Reached skill level 5 in Fighting
  3191 | D:5      | Noticed Sigmund
  3219 | D:5      | Killed Sigmund
  3220 | D:5      | Reached skill level 6 in Maces & Flails
  3220 | D:5      | Reached XP level 8. HP: 49/49 MP: 8/8
  3340 | D:5      | Reached * piety under Okawaru
  3473 | D:5      | Demolished by an ogre

Illustrated notes

Levels and vault maps discovered:
D:1:      wander_arrival_abandoned_jail, layout_loops_ring
D:2:      layout_loops_ring, basic_altar
D:3:      layout_basic, gammafunk_ghost_grave
D:4:      layout_rooms, serial_bayou, serial_bayou_pond_c, serial_bayou_pond_a,
          serial_bayou_crossing, serial_bayou_lagoon_a, uniq_robin
D:5:      layout_loops_cross, nicolae_kikubaaqudgha_miasma_corner,
          kennysheep_mini, temple_green, uniq_sigmund
D:6:      layout_rooms, st_stairs_4
D:7:      layout_basic, general_overflow_altar, st_stairs_13
D:8:      layout_rooms, nicolae_grassy_gnolls
Temple:   nicolae_temple_bog_church

Skill      XL: |  1  2  3  4  5  6  7 |
---------------+----------------------+-----
Fighting       | 4 5 |  5.4
Maces & Flails | 3 4 5 6 |  6.2
Dodging        | 1 |  1.6
Armour         | 4 5 |  5.6
Shields        | 4 |  4.2
Stealth        | |  0.4
Invocations    | |  0.7

Action                     |  1- 3 |  4- 6 |  7- 9 || total
---------------------------+-------+-------+-------++-------
  Melee: Flail             |   116 |   177 |    65 ||   358
 Armour: Scale mail        |    85 |    84 |       ||   169
         Chain mail        |       |    63 |    37 ||   100
  Dodge: Dodged            |    71 |    90 |    29 ||   190
  Block: Buckler           |    26 |    37 |    12 ||    75

Table legend: (Time is in decaauts)
 A = Elapsed time spent in this place.
 B = Non-inter-level travel time spent in this place.
 C = Inter-level travel time spent in this place.
 D = Time resting spent in this place.
 E = Time spent auto-exploring this place.
 F = Levels seen in this place.
 G = Mean time per level.
                   A        B        C        D        E       F      G
               +--------+--------+--------+--------+--------+-----+--------+
         Total |   3564 |   3406 |    158 |      0 |   2491 |   9 |  396.0 |
       Dungeon |   3547 |   3403 |    144 |      0 |   2491 |   8 |  443.4 |
        Temple |     16 |      2 |     14 |      0 |      0 |   1 |   16.0 |
               +--------+--------+--------+--------+--------+-----+--------+

Top non-repeatable levels by time:
     D:3: 720 daAuts
     D:2: 715 daAuts
     D:1: 702 daAuts
     D:4: 628 daAuts
     D:5: 591 daAuts
     D:6: 99 daAuts
     D:7: 57 daAuts
     D:8: 33 daAuts
  Temple: 16 daAuts
